 Dungeon Crawl Stone Soup version 0.25-a0-488-g03579ab (webtiles) character file.

Game seed: 17721460871333325903, levelgen mode: deterministic

162577 15 the Grappler (level 17, 0/172 HPs)
             Began as a Purple Draconian Transmuter on Feb 9, 2020.
             Was a High Priest of Qazlal.
             Slain by an emperor scorpion (22 damage)
             ... on level 3 of the Spider Nest on Feb 10, 2020.
             The game lasted 03:47:44 (38450 turns).

15 the Grappler (Purple Draconian Transmuter)      Turns: 38450, Time: 03:47:45

Health: 0/172      AC: 12    Str: 17    XL:     17   Next: 22%
Magic:  31/42      EV: 15    Int: 22    God:    Qazlal [*****.]
Gold:   557        SH: 14    Dex: 12    Spells: 2/41 levels left

rFire    x . .     SeeInvis .     - Unarmed
rCold    + + +     Gourm    .   (shield currently unavailable)
rNeg     + + .     Faith    .   (armour unavailable)
rPois    +         Spirit   .   (helmet currently unavailable)
rElec    .         Reflect  +   (cloak currently unavailable)
rCorr    .         Harm     .   (gloves currently unavailable)
MR       ++...                  (boots currently unavailable)
Stlth    +.........             U - brooch of Shielding {Reflect SH+8}
HPRegen  0.38/turn              z - ring of the Turtledove {rN++ MP+9 Str-3 Int+4}
MPRegen  0.28/turn              l - +5 ring of strength

@: about to teleport, ice-form, protected from physical damage, very slightly
contaminated, repel missiles
A: large, (breathe power), unfitting armour, AC +9
a: End Transformation, Upheaval, Elemental Force, Disaster Area, Renounce
Religion


You were on level 3 of the Spider Nest.
You worshipped Qazlal.
Qazlal was extremely pleased with you.
You were hungry.
You were a creature of crystalline ice.
You visited 5 branches of the dungeon, and saw 28 of its levels.
You also visited: Sewer, Ice Cave and Volcano.

You collected 3154 gold pieces.
You spent 2597 gold pieces at shops.

Inventory:

Hand Weapons
 s - the +9 war axe of the Apocalypse {pain, rPois rF+ rC- Dex+2}
   (You found it on level 14 of the Dungeon)

   In the hands of one skilled in necromantic magic, it inflicts extra damage on
   living creatures.
   It affects your dexterity (+2).
   It protects you from fire.
   It makes you vulnerable to cold.
   It protects you from poison.
 t - the +9 war axe "Ceol" {flame, *Rage MR+ Stlth+}
   (You found it on level 6 of the Dungeon)

   It has been specially enchanted to burn those struck by it, causing extra
   injury to most foes and up to half again as much damage against particularly
   susceptible opponents.
   Big, fiery blades are also staple armaments of hydra-hunters.
   It affects your resistance to hostile enchantments.
   It may make you go berserk in combat.
   It makes you more stealthy.
 C - the +1 spear of Guom Micwoll (melded) {drain, Str+3 Int+5 Dex+2}
   (You bought it in a shop on level 2 of the Orcish Mines)

   A truly terrible weapon, it drains the life of those it strikes.
   It affects your strength (+3).
   It affects your intelligence (+5).
   It affects your dexterity (+2).
 K - the +11 falchion of Obsession {elec, +Inv}
   (You found it on level 1 of the Spider Nest)

   Occasionally, upon striking a foe, it will discharge some electrical energy
   and cause terrible harm.
   It lets you turn invisible.
 M - the +6 spear "Napnent" {vamp, rPois Str+8}
   (You found it on level 2 of the Lair of Beasts)

   It inflicts no extra harm, but heals its wielder when it wounds a living foe.
   It affects your strength (+8).
   It protects you from poison.
Missiles
 a - 869 arrows
Armour
 b - a +2 pair of boots of running (melded)
 o - the +8 large shield "Bues" {rElec rF+ rC++}
   (You found it on level 15 of the Dungeon)

   It protects you from fire.
   It greatly protects you from cold.
   It insulates you from electricity.
 v - a +1 pair of gloves of dexterity (melded)
Magical Staves
 w - an uncursed staff of wizardry
 I - an uncursed staff of death
 L - an uncursed staff of cold
 V - an uncursed staff of conjuration
 X - an uncursed staff of power
 Y - an uncursed staff of air
Jewellery
 k - the amulet of Oplaa {RegenMP MP+9}
   (You took it off Nessos on level 15 of the Dungeon)

   [amulet of magic regeneration]

   It increases your magic regeneration.
   It affects your magic capacity (+9).
 l - a +5 ring of strength (right front paw)
 n - an uncursed ring of magical power
 x - an uncursed ring of protection from cold
 y - an uncursed ring of positive energy
 z - the ring of the Turtledove (left front paw) {rN++ MP+9 Str-3 Int+4}
   (You found it on level 2 of the Lair of Beasts)

   [ring of magical power]

   It affects your strength (-3).
   It affects your intelligence (+4).
   It greatly protects you from negative energy.
   It affects your magic capacity (+9).
 J - an uncursed ring of resist corrosion
 U - the brooch of Shielding (around neck) {Reflect SH+8}
   (You took it off a centaur on level 15 of the Dungeon)

   [amulet of reflection]

   It shields you and reflects attacks.
   It affects your SH (+8).
Wands
 i - a wand of paralysis (51)
 u - a wand of digging (3)
 F - a wand of disintegration (26)
 N - a wand of enslavement (3)
Scrolls
 d - 3 scrolls of teleportation
 e - 12 scrolls of remove curse
 g - 3 scrolls of fog
 h - 9 scrolls of enchant armour
 E - 4 scrolls of amnesia
 Q - a scroll of brand weapon
 W - 2 scrolls of identify
 Z - 2 scrolls of enchant weapon
Potions
 f - 8 potions of curing
 j - 3 potions of brilliance
 m - 8 potions of flight
 p - 2 potions of mutation
 r - 2 potions of cancellation
 A - 7 potions of haste
 B - a potion of ambrosia
 D - 3 potions of agility
 G - 2 potions of heal wounds
 O - 3 potions of lignification
 R - a potion of berserk rage
 T - a potion of invisibility
Miscellaneous
 q - a lamp of fire
 P - 2 boxes of beasts
Comestibles
 c - 50 rations


   Skills:
 * Level 11.3 Fighting
 + Level 2.1(3.4) Axes
 * Level 4.2(4.5) Polearms
 * Level 9.9 Dodging
 - Level 2.3 Stealth
 + Level 4.7 Shields
 + Level 12.8 Unarmed Combat
 * Level 12.6 Spellcasting
 * Level 8.4 Conjurations
 + Level 1.0 Summonings
 + Level 0.7 Necromancy
 + Level 0.3 Translocations
 * Level 9.9 Transmutations
 * Level 9.1 Ice Magic
 + Level 1.8 Air Magic
 + Level 1.6 Poison Magic
 * Level 9.4 Invocations
 * Level 10.3 Evocations


You had 2 spell levels left.
You knew the following spells:

 Your Spells              Type           Power        Failure   Level  Hunger
a - Beastly Appendage     Tmut           ######       1%          1    None
b - Sticks to Snakes      Tmut           ######..     1%          2    None
c - Spider Form           Tmut/Pois      #####.....   1%          3    None
d - Ice Form              Ice/Tmut       ######..     1%          4    None
e - Blade Hands           Tmut           ######....   2%          5    ####...
f - Blink                 Tloc           N/A          6%          2    None
g - Mephitic Cloud        Conj/Pois/Air  ####....     2%          3    None
h - Apportation           Tloc           ###...       4%          1    None
i - Frozen Ramparts       Ice            ######       1%          3    None
j - Animate Skeleton      Necr           N/A          3%          1    None
k - Hailstorm             Conj/Ice       ######..     1%          4    None
l - Summon Ice Beast      Ice/Summ       #####...     6%          4    None
m - Hydra Form            Tmut           ######....   12%         6    #####..

Your spell library contained the following spells:

 Spells                   Type           Power        Failure   Level  Hunger
 Foxfire                  Conj/Fire      ####         1%          1    None
 Freeze                   Ice            ####         1%          1    None
 Magic Dart               Conj           ####         1%          1    None
 Passwall                 Tmut/Erth      #####...     1%          2    None
 Pain                     Necr           ###.         3%          1    None
 Summon Small Mammal      Summ           ###.         3%          1    None
 Corona                   Hex            ##.....      4%          1    None
 Sandblast                Erth           ##....       4%          1    None
 Call Imp                 Summ           ###.....     4%          2    None
 Slow                     Hex            ##......     7%          2    None
 Conjure Flame            Conj/Fire      ####....     2%          3    None
 Ignite Poison            Fire/Tmut/Pois ####....     2%          3    None
 Ozocubu's Armour         Chrm/Ice       ####....     2%          3    None
 Stone Arrow              Conj/Erth      ####..       2%          3    None
 Irradiate                Conj/Tmut      ######....   3%          5    ####...
 Petrify                  Tmut/Erth      #####...     6%          4    None
 Sticky Flame             Conj/Fire      ####....     9%          4    None
 Vampiric Draining        Necr           ###.......   10%         3    None
 Recall                   Summ/Tloc      N/A          11%         3    None
 Inner Flame              Hex/Fire       ##......     14%         3    None
 Fireball                 Conj/Fire      ####......   22%         5    ####...
 Animate Dead             Necr           N/A          32%         4    None
 Bolt of Magma            Conj/Fire/Erth ####......   38%         5    ####...
 Dragon Form              Tmut           ######....   54%         7    #######
 Agony                    Necr           ###.....     67%         5    ####...
 Simulacrum               Ice/Necr       #####.....   67%         6    #####..
 Borgnjor's Vile Clutch   Necr/Erth      ###.......   73%         5    ####...
 Lee's Rapid Deconstruct  Erth           ##........   78%         5    ####...
 Death Channel            Necr           ###.......   99%         6    #####..


Dungeon Overview and Level Annotations

Branches:
Dungeon (15/15) Temple (1/1) D:4 Lair (6/6) D:10 Shoals (0/4) Lair:2 Spider (4/4) Lair:2 Slime (0/5) Lair:5 Orc (2/2) D:11 Elf (0/3) Orc:2 Vaults (0/5) D:12 D:13 Depths (0/5) D:15 Sewer (visited) IceCv (visited) Volcano (visited)

Altars:
Ashenzari
Cheibriados
Dithmenos
Elyvilon
Fedhas
Gozag
Hepliaklqana
Kikubaaqudgha
Makhleb
Nemelex Xobeh
Okawaru
Qazlal
Ru
Sif Muna
Trog
Uskayaw
Vehumet
Wu Jian
Xom
Yredelemnul
Zin
The Shining One
Beogh

Shops:
D:5 ?   D:13 ?   Orc:2 (*[


Innate Abilities, Weirdness & Mutations

((You can breathe bolts of dispelling energy.))
((Your rich purple scales are hard. (AC +9)))
You cannot fit into any form of body armour.
((You are cold-blooded and may be slowed by cold attacks.))


Message History

You block the emperor scorpion's attack.
The emperor scorpion barely misses you. The emperor scorpion claws you!
Unknown command.
Casting: Mephitic Cloud (safe; 2% risk of failure)
Confirm with . or Enter, or press ? or * to list all spells.
You can't see any susceptible monsters within range! (Use Z to cast anyway.)
Casting: Mephitic Cloud (safe; 2% risk of failure)
Confirm with . or Enter, or press ? or * to list all spells.
Okay, then.
Press: ? - help, v - describe, . - travel
Here: an emperor scorpion (lightly wounded)
The floor.
The emperor scorpion stings you!!
* * * LOW HITPOINT WARNING * * *
You block the emperor scorpion's attack.
The emperor scorpion closely misses you.
The demonic crawler barely misses you.
You block the demonic crawler's attack. x2
As you read the scroll of teleportation, it crumbles to dust.
You feel strangely unstable. The emperor scorpion stings you!!
You die...

.....#..######.## ##.....#
#......##### ##.###......#
###.##.....# #.#.^##.....#
##........####...###....##
..........# #....####...#
..........###......###..#
..........##...○....#...#
..........##...§§☼....###
................Ys§...##
........##.....°s..○...#
.......###.....○°°.°..##
......## ##############
#######


You could see an emperor scorpion and a demonic crawler.

Vanquished Creatures
  Rupert (Spider:1)
  Kirke (Lair:5)
  An emperor scorpion (Spider:3)
  A ghost moth (Spider:2)
  A stone giant (Volcano)
  3 entropy weavers
  Nessos (D:15)
  A spark wasp (Spider:4)
  Josephine (D:15)
  The ghost of Loamemid the Blocker, a journeyman HuCj of Vehumet (Lair:1)
  2 fire dragons
  Harold (D:8)
  An ice dragon (D:15)
  5 centaur warriors
  3 hydras
  3 catoblepae (Lair:6)
  3 two-headed ogres
  11 death yaks (Lair:6)
  2 orc high priests (Orc:1)
  Urug (Lair:5)
  Nergalle (D:11)
  2 unseen horrors
  A wizard (D:14)
  An obsidian statue (Volcano)
  A lindwurm (Lair:4)
  4 orc knights
  11 orb spiders
  7 ugly things
  10 wolf spiders
  4 orc sorcerers
  4 oklob plants (Lair:2)
  3 manticores
  A moth of wrath (Spider:2)
  12 elephants
  3 black mambas
  7 spiny frogs
  3 ice statues
  Maggie (D:6)
  A torpor snail (Spider:1)
  2 gargoyles
  2 kobold demonologists
  A rime drake (Lair:6)
  3 efreet
  12 demonic crawlers
  8 komodo dragons
  8 ice devils
  3 meliai (D:14)
  A polar bear (Lair:6)
  22 jumping spiders
  6 trolls
  2 trolls (shapeshifter)
  3 hornets
  Prince Ribbit (D:7)
  18 blink frogs
  A meliai zombie (D:14)
  8 hippogriffs
  20 slime creatures
  2 spriggans (Lair:1)
  A vampire (D:13)
  3 shadows
  3 wraiths
  43 redbacks
  15 tarantellas
  57 yaks
  7 fire bats (Volcano)
  15 humans
  5 basilisks
  Eustachio (D:5)
  A hog (Lair:5)
  3 vampire mosquitoes (Spider:2)
  5 wargs
  An acid dragon (D:15)
  9 water moccasins
  10 porcupines
  6 sky beasts
  32 orc warriors
  3 ice beasts
  3 black bears
  2 necrophages
  5 phantoms
  10 wolves
  13 ogres
  An eye of draining (D:13)
  30 centaurs
  11 crocodiles
  5 big kobolds
  12 bullfrogs
  A gnoll sergeant (D:8)
  2 earth elementals (Volcano)
  A wyvern skeleton (D:11)
  4 killer bees (D:8)
  3 scorpions
  2 howler monkeys (D:14)
  4 wights (D:8)
  7 crimson imps
  3 bullfrog zombies
  7 lava snakes (Volcano)
  5 bullfrog skeletons
  14 jellies
  A gnoll shaman (D:7)
  5 hounds
  15 orc priests
  5 centaur skeletons
  4 iguanas
  11 orc wizards
  2 hell rats (Lair:4)
  13 worker ants
  13 gnolls
  A howler monkey skeleton (D:11)
  15 adders
  3 river rats
  7 shadow imps
  7 white imps (IceCv)
  4 ufetubi (IceCv)
  2 oozes
  An adder skeleton (D:10)
  2 adder zombies
  4 worms
  A dart slug (D:1)
  8 leopard geckos
  76 orcs
  5 ball pythons
  6 giant cockroaches
  6 goblins
  4 hobgoblins
  26 jackals
  4 quokkas
  6 bats
  7 frilled lizards
  A jackal skeleton (D:4)
  32 kobolds
  16 rats
  A fungus (Lair:2)
  A plant (Lair:6)
924 creatures vanquished.

Vanquished Creatures (collateral kills)
  An orb spider (Spider:3)
  A wolf spider (Spider:2)
  A black mamba (Lair:5)
  A centaur skeleton (D:13)
  A komodo dragon (Lair:6)
  2 demonic crawlers (Spider:2)
  2 jumping spiders
  A slime creature (D:15)
  2 humans (D:13)
  2 wraiths (D:15)
  6 redbacks (Spider:2)
  A tarantella (Spider:3)
  A water moccasin (D:14)
  2 wolves (Lair:5)
  2 jellies (Lair:5)
  3 hell rats (Lair:4)
  A worker ant (D:4)
  2 adders
  A white imp (IceCv)
  2 orcs
  A giant cockroach (D:2)
  A fungus (Lair:6)
  A plant (Lair:5)
38 creatures vanquished.

Vanquished Creatures (others)
  A reaper (IceCv)
  A centaur zombie (D:14)
  A jumping spider (Spider:3)
  4 humans (Lair:5)
  7 orc warriors
  A centaur (Orc:2)
  4 white imps (IceCv)
  7 ufetubi (IceCv)
  2 orcs (Orc:2)
  11 fungi
  13 plants
52 creatures vanquished.

Grand Total: 1014 creatures vanquished

Notes
Turn   | Place    | Note
-------+----------+-------------------------------------------
     0 | D:1      | 15 the Draconian Transmuter began the quest for the Orb.
     0 | D:1      | Reached XP level 1. HP: 16/16 MP: 3/3
   167 | D:1      | Found a shadowy altar of Dithmenos.
   170 | D:1      | Found a sparkling altar of Nemelex Xobeh.
   170 | D:1      | Found a shimmering blue altar of Sif Muna.
   197 | D:1      | Found a shimmering blue altar of Sif Muna.
   197 | D:1      | Found a shimmering altar of Xom.
   197 | D:1      | Found a stormy altar of Qazlal.
   238 | D:1      | Reached XP level 2. HP: 18/23 MP: 5/5
   263 | D:1      | Learned a level 2 spell: Sticks to Snakes
   864 | D:2      | Found a white marble altar of Elyvilon.
   912 | D:2      | You fall into a shaft and drop 1 floor!
   955 | D:3      | Reached XP level 3. HP: 23/28 MP: 6/6
  1254 | D:2      | Learned a level 3 spell: Spider Form
  1340 | D:2      | Found a shattered altar of Ashenzari.
  1399 | D:2      | Reached XP level 4. HP: 34/35 MP: 5/7
  1437 | D:2      | Found a blossoming altar of Fedhas.
  1877 | D:3      | HP: 1/35 [adder (4)]
  3297 | D:4      | Reached XP level 5. HP: 40/40 MP: 8/8
  3642 | D:4      | Reached XP level 6. HP: 48/48 MP: 10/10
  3654 | D:4      | Noticed a sky beast
  3668 | D:4      | Killed a sky beast
  3668 | D:4      | Reached skill level 5 in Unarmed Combat
  3741 | D:5      | Entered Level 5 of the Dungeon
  3869 | D:5      | Learned a level 4 spell: Ice Form
  4034 | D:5      | Found a glowing drain.
  4048 | Sewer    | Entered a sewer
  4376 | Sewer    | Your scales start taking on a rich purple colour.
  4376 | Sewer    | Reached XP level 7. HP: 55/55 MP: 13/13
  4414 | Sewer    | Found a white marble altar of Elyvilon.
  5156 | D:4      | Found a staircase to the Ecumenical Temple.
  5162 | Temple   | Entered the Ecumenical Temple
  5496 | D:4      | Reached skill level 1 in Stealth
  5839 | D:5      | Reached skill level 5 in Spellcasting
  5839 | D:5      | Reached XP level 8. HP: 36/62 MP: 15/15
  5849 | D:5      | Learned a level 5 spell: Blade Hands
  5914 | D:5      | Noticed Eustachio
  5931 | D:5      | Killed Eustachio
  5931 | D:5      | Reached skill level 1 in Poison Magic
  6160 | D:5      | Found Xatieroh's Magic Scroll Shoppe.
  6163 | D:5      | Bought a scroll of remove curse for 39 gold pieces
  6163 | D:5      | Bought 2 scrolls of remove curse for 78 gold pieces
  6163 | D:5      | Bought a scroll of remove curse for 39 gold pieces
  6163 | D:5      | Bought a scroll of identify for 26 gold pieces
  6163 | D:5      | Bought a scroll of identify for 26 gold pieces
  6163 | D:5      | Bought a scroll of teleportation for 39 gold pieces
  6163 | D:5      | Bought a scroll of remove curse for 39 gold pieces
  6163 | D:5      | Bought a scroll of remove curse for 39 gold pieces
  6503 | D:6      | Got a slimy war axe
  6504 | D:6      | Identified the +9 war axe "Ceol" {flame, *Rage MR+ Stlth+}
                  | (You found it on level 6 of the Dungeon)
  6852 | D:6      | Found a basalt altar of Yredelemnul.
  6885 | D:6      | Noticed Maggie
  7067 | D:6      | Reached skill level 5 in Transmutations
  7067 | D:6      | Reached XP level 9. HP: 38/71 MP: 18/18
  7154 | D:6      | Killed Maggie
  7154 | D:6      | Reached skill level 5 in Dodging
  7154 | D:6      | Reached skill level 1 in Axes
  7492 | D:7      | Learned a level 2 spell: Blink
  7496 | D:7      | Learned a level 3 spell: Mephitic Cloud
  7497 | D:7      | Found a basalt altar of Yredelemnul.
  7522 | D:7      | Reached skill level 1 in Ice Magic
  7797 | D:7      | Found an opulent altar of Gozag.
  7798 | D:7      | Found a stormy altar of Qazlal.
  7800 | D:7      | Found an iron altar of Okawaru.
  7801 | D:7      | Found a bloodstained altar of Trog.
  7801 | D:7      | Found a burning altar of Makhleb.
  7802 | D:7      | Found a shadowy altar of Dithmenos.
  7802 | D:7      | Found a sacrificial altar of Ru.
  7803 | D:7      | Found a blossoming altar of Fedhas.
  7808 | D:7      | Became a worshipper of Qazlal Stormbringer
  7911 | D:7      | Noticed Prince Ribbit
  7917 | D:7      | Killed Prince Ribbit
  8067 | D:8      | Reached skill level 5 in Fighting
  8154 | D:8      | Found an ornate altar of the Wu Jian Council.
  8449 | D:8      | Noticed Harold
  8465 | D:8      | Killed Harold
  8465 | D:8      | Reached XP level 10. HP: 58/81 MP: 20/20
  8467 | D:8      | Reached * piety under Qazlal
  8719 | D:8      | Found a hide-covered altar of Uskayaw.
  8730 | D:8      | Reached skill level 1 in Evocations
  8765 | D:8      | Noticed an orc sorcerer
  8959 | D:8      | Killed an orc sorcerer
  9144 | D:8      | Reached skill level 1 in Conjurations
  9449 | D:9      | Reached skill level 1 in Invocations
  9502 | D:9      | Reached ** piety under Qazlal
  9544 | D:9      | Learned a level 1 spell: Apportation
  9548 | D:9      | Learned a level 3 spell: Frozen Ramparts
 10480 | D:10     | Entered Level 10 of the Dungeon
 10508 | D:10     | Noticed a fire dragon
 10893 | D:10     | Noticed a gargoyle
 10895 | D:10     | Killed an unseen horror
 11017 | D:9      | Noticed a two-headed ogre
 11254 | D:9      | Killed a two-headed ogre
 11521 | D:10     | Found a staircase to the Lair.
 11540 | D:10     | Reached XP level 11. HP: 20/89 MP: 18/23
 11540 | D:10     | Noticed a white ugly thing
 11544 | D:10     | Killed a fire dragon
 11919 | D:10     | Killed a white ugly thing
 12559 | D:10     | Reached *** piety under Qazlal
 12761 | D:10     | Noticed a two-headed ogre
 12779 | D:10     | Killed a two-headed ogre
 13640 | D:11     | Learned a level 1 spell: Animate Skeleton
 13767 | D:11     | Reached skill level 1 in Air Magic
 13795 | D:11     | Found a staircase to the Orcish Mines.
 13829 | D:11     | Reached **** piety under Qazlal
 14496 | D:11     | HP: 1/92 [large slime creature (19)]
 15676 | Lair:1   | Entered Level 1 of the Lair of Beasts
 15750 | Lair:1   | Reached XP level 12. HP: 67/100 MP: 25/25
 16095 | Lair:1   | Learned a level 4 spell: Hailstorm
 16221 | Lair:1   | Found a runed translucent door.
 16223 | Lair:1   | Identified the cursed +1 spear of Skirmishing {vamp, *Noise
                  | rF+ Str+4 Int+2}
 16224 | Lair:1   | Noticed Loamemid's ghost (journeyman HuCj)
 16637 | Lair:2   | Noticed a seven-headed hydra
 16648 | Lair:2   | Killed a seven-headed hydra
 16648 | Lair:2   | Reached skill level 10 in Unarmed Combat
 16700 | Lair:2   | Found a dark tunnel.
 16714 | Volcano  | Entered a volcano
 16982 | Volcano  | Reached skill level 5 in Evocations
 17401 | Volcano  | Noticed a stone giant
 17412 | Volcano  | Killed a stone giant
 17412 | Volcano  | Reached skill level 5 in Ice Magic
 17706 | Volcano  | Found a radiant altar of Vehumet.
 18090 | Volcano  | Reached skill level 1 in Shields
 18795 | Lair:2   | Got a shimmering ivory ring
 18797 | Lair:2   | Identified the ring of the Turtledove {rN++ MP+9 Str-3
                  | Int+4} (You found it on level 2 of the Lair of Beasts)
 18807 | Lair:2   | Got an ichor-stained spear
 18808 | Lair:2   | Identified the +6 spear "Napnent" {vamp, rPois Str+8} (You
                  | found it on level 2 of the Lair of Beasts)
 18863 | Lair:2   | Found a staircase to the Shoals.
 19015 | Lair:2   | Reached skill level 5 in Conjurations
 19049 | Lair:2   | Found a hole to the Spider Nest.
 19406 | Lair:3   | Noticed a six-headed hydra
 19422 | Lair:3   | Killed a six-headed hydra
 19422 | Lair:3   | Reached skill level 5 in Invocations
 19608 | Lair:3   | Reached ***** piety under Qazlal
 19622 | Lair:2   | Reached XP level 13. HP: 88/107 MP: 20/26
 19832 | Lair:3   | Reached skill level 10 in Spellcasting
 21700 | Lair:5   | Learned a level 4 spell: Summon Ice Beast
 21861 | Lair:5   | Noticed Kirke
 21866 | Lair:5   | Found a staircase to the Slime Pits.
 21868 | Lair:5   | Noticed Urug
 21871 | Lair:5   | Killed Kirke
 21986 | Lair:5   | Killed Urug
 22399 | Lair:6   | Entered Level 6 of the Lair of Beasts
 23045 | Lair:6   | Reached XP level 14. HP: 83/118 MP: 16/28
 23146 | Lair:5   | Upgraded the game from 0.25-a0-479-g8579842 to
                  | 0.25-a0-488-g03579ab
 24995 | D:13     | Found a gate to the Vaults.
 25097 | D:13     | Found Aphewnao's Magic Scroll Shop.
 25117 | D:13     | Bought a scroll of enchant weapon for 120 gold pieces
 25117 | D:13     | Bought a scroll of fog for 32 gold pieces
 25117 | D:13     | Bought a scroll of identify for 32 gold pieces
 25117 | D:13     | Bought a scroll of identify for 32 gold pieces
 25117 | D:13     | Bought a scroll of teleportation for 48 gold pieces
 25117 | D:13     | Bought a scroll of enchant armour for 120 gold pieces
 25117 | D:13     | Bought a scroll of identify for 32 gold pieces
 25117 | D:13     | Bought a scroll of identify for 32 gold pieces
 25117 | D:13     | Bought a scroll of identify for 32 gold pieces
 25145 | D:13     | Identified a scroll of acquirement
 25151 | D:13     | Identified the +7 longbow of Tortfeasance {speed, rF- Str+8
                  | Int+10 Dex-5} (You acquired it on level 13 of the Dungeon)
 25151 | D:13     | Identified the Guide on Scorching Moulding (You acquired it
                  | on level 13 of the Dungeon)
 25278 | D:13     | Reached skill level 10 in Fighting
 25278 | D:13     | Reached skill level 1 in Polearms
 25278 | D:13     | Reached XP level 15. HP: 94/126 MP: 28/30
 25860 | D:14     | Got a pitted war axe
 25861 | D:14     | Identified the +9 war axe of the Apocalypse {pain, rPois
                  | rF+ rC- Dex+2} (You found it on level 14 of the Dungeon)
 26273 | D:14     | Found a frozen archway.
 26290 | IceCv    | Entered an ice cave
 27184 | D:15     | Entered Level 15 of the Dungeon
 27189 | D:15     | Noticed Nessos
 27359 | D:15     | Reached XP level 16. HP: 124/134 MP: 31/31
 27508 | D:15     | Found a staircase to the Depths.
 27595 | D:15     | Noticed Josephine
 27608 | D:15     | Killed Josephine
 27781 | D:15     | Identified the amulet of Oplaa {RegenMP MP+9}
 27797 | D:15     | Killed Nessos
 28555 | D:15     | Found a sacrificial altar of Ru.
 28562 | D:15     | Got a spiked large shield
 28563 | D:15     | Identified the +8 large shield "Bues" {rElec rF+ rC++} (You
                  | found it on level 15 of the Dungeon)
 28758 | Orc:1    | Entered Level 1 of the Orcish Mines
 28762 | Orc:1    | Noticed Nergalle
 28992 | D:11     | Killed Nergalle
 29484 | Orc:1    | Paralysed by an orc sorcerer for 3 turns
 30013 | Orc:1    | Found a roughly hewn altar of Beogh.
 30207 | Orc:2    | Entered Level 2 of the Orcish Mines
 30279 | Orc:2    | Found a staircase to the Elven Halls.
 31736 | Orc:2    | Found Vuzuzas's General Store.
 31736 | Orc:2    | Found Judokest's Weapon Boutique.
 31738 | Orc:2    | Found Hoonteuts's Food Shop.
 31740 | Orc:2    | Found Athifis's Antique Armour Shoppe.
 31744 | Orc:2    | Bought a ration for 65 gold pieces
 31744 | Orc:2    | Bought a potion of cancellation for 104 gold pieces
 31744 | Orc:2    | Bought a potion of curing for 39 gold pieces
 31744 | Orc:2    | Bought a ration for 65 gold pieces
 31744 | Orc:2    | Bought a ration for 65 gold pieces
 31744 | Orc:2    | Bought a potion of heal wounds for 65 gold pieces
 31744 | Orc:2    | Bought a scroll of remove curse for 39 gold pieces
 31744 | Orc:2    | Bought a potion of curing for 39 gold pieces
 31755 | Orc:2    | Bought a ration for 65 gold pieces
 31755 | Orc:2    | Bought a ration for 65 gold pieces
 31755 | Orc:2    | Bought a ration for 65 gold pieces
 31755 | Orc:2    | Bought a ration for 65 gold pieces
 31755 | Orc:2    | Bought a ration for 65 gold pieces
 31755 | Orc:2    | Bought a ration for 65 gold pieces
 31755 | Orc:2    | Bought a ration for 65 gold pieces
 31755 | Orc:2    | Bought a ration for 65 gold pieces
 31755 | Orc:2    | Bought a ration for 65 gold pieces
 31755 | Orc:2    | Bought a ration for 65 gold pieces
 31755 | Orc:2    | Bought a ration for 65 gold pieces
 31755 | Orc:2    | Bought a ration for 65 gold pieces
 31771 | Orc:2    | Bought the cursed +1 spear of Guom Micwoll {drain, Str+3
                  | Int+5 Dex+2} for 531 gold pieces
 32094 | Lair:1   | Killed Loamemid's ghost
 32246 | Spider:1 | Entered Level 1 of the Spider Nest
 32247 | Spider:1 | Noticed Rupert
 32538 | Spider:1 | Killed Rupert
 33763 | Spider:1 | Got an ichor-stained falchion
 33764 | Spider:1 | Identified the +11 falchion of Obsession {elec, +Inv} (You
                  | found it on level 1 of the Spider Nest)
 34253 | Spider:2 | Reached skill level 10 in Evocations
 35043 | Spider:2 | Identified a +2 pair of boots of running (You found it on
                  | level 1 of the Lair of Beasts)
 35935 | Spider:1 | Learned a level 6 spell: Hydra Form
 36614 | Spider:2 | Reached XP level 17. HP: 144/144 MP: 33/33
 36892 | Spider:3 | Reached skill level 1 in Summonings
 38404 | Spider:4 | Entered Level 4 of the Spider Nest
 38450 | Spider:3 | Slain by an emperor scorpion

Levels and vault maps discovered:
D:1:      minmay_arrival_glassed_features, layout_rooms, doesnt_xom_only_xom
D:2:      layout_basic, evilmike_ruin_ashenzari, elyvilon_altar_4,
          fedhas_altar_4
D:3:      layout_basic, serial_glass, glass_columns_b, glass_columns_b,
          glass_columns_c, glass_columns_a, glass_columns_a, glass_columns_c,
          glass_columns_a, glass_columns_c, glass_columns_a, glass_columns_a,
          glass_columns_a, glass_columns_a, glass_columns_c, glass_columns_a,
          first_ration
D:4:      layout_loops_corners, minmay_temple_entry_enclosed_plants,
          nzn_random_ring
D:5:      wad_pebble_path, layout_basic, lightli_sewer_entry_pipes,
          serial_shops, kennysheep_mini, uniq_eustachio
D:6:      layout_loops_corners, nicolae_overflow_crystal_walls, uniq_maggie
D:7:      layout_rooms, grunt_temple_overflow_open, yredelemnul_altar_generic,
          uniq_prince_ribbit1
D:8:      cheibrodos_wizards_tower, layout_loops_corners,
          lemuel_coloured_pillars_altar, marbit_many_paths, uniq_harold
D:9:      layout_basic, grunt_pizzeria
D:10:     lemuel_ice_statue, layout_basic, minmay_lair_entry_lava,
          solitary_fountain
D:11:     layout_loops_corners, hiddenorc2_lemuel
D:12:     layout_roguey, serial_glass, glass_columns_c, glass_columns_b
D:13:     layout_roguey, david_vaults_3, serial_shops, shop
D:14:     layout_loops_cross, portal_ice_cave_demonic_guard
D:15:     grunt_enter_depths_hoard, layout_basic, nicolae_ru_path_of_blood,
          uniq_josephine, uniq_nessos
Temple:   nicolae_temple_figure_zero
Lair:1:   layout_small_grid, ebering_ghost_funeral_grove, grunt_megastairs_1,
          infiniplex_staircase_pool
Lair:2:   layout_big_grid, elwin_shoals_entry_rocks, spider_nest_entry_webs,
          enter_volcano_2, minmay_lair_oklob_chamber
Lair:3:   layout_chaotic_city
Lair:4:   layout_cave_pods
Lair:5:   layout_cave_shapes, minmay_slime_entry_jelly_boxes,
          chequers_serial_rivers_large_a, uniq_kirke, uniq_urug
Lair:6:   evilmike_catoblepas_cave, layout_gridlike
Spider:1: layout_spider_delve, drop_trap, uniq_rupert
Spider:2: layout_spider_delve, einodemon_crawler_minivault
Spider:3: layout_chambers
Spider:4: grunt_spider_rune_circles, nicolae_crawler_farm
Orc:1:    layout_diamond_mine, minmay_orc_temple_c, uniq_nergalle
Orc:2:    st_orc_rangers, layout_caves

Skill      XL: |  1  2  3  4  5  6  7  8  9 10 11 12 13 14 15 16 17 |
---------------+----------------------------------------------------+-----
Dodging        | 2 3 4 6 7 8 9 |  9.9
Unarmed Combat | 4 5 6 7 8 9 10 11 12 | 12.8
Transmutations | 3 4 5 6 7 8 9 |  9.9
Spellcasting   | 4 5 6 7 8 9 10 11 12 | 12.6
Fighting       | 2 3 5 6 7 8 9 10 11 | 11.3
Stealth        | 1 2 |  2.3
Poison Magic   | 1 |  1.6
Axes           | 1 2 |  2.1
Ice Magic      | 2 3 4 5 6 7 8 9 |  9.1
Evocations     | 3 4 6 7 8 9 10 | 10.3
Conjurations   | 2 3 5 6 7 8 |  8.4
Invocations    | 2 3 5 6 7 8 9 |  9.4
Air Magic      | 1 |  1.8
Shields        | 1 2 4 |  4.7
Polearms       | 1 2 4 |  4.2
Summonings     | 1 |  1.0
Necromancy     | |  0.7
Translocations | |  0.3

Action                   |  1- 3 |  4- 6 |  7- 9 | 10-12 | 13-15 | 16-18 || total
-------------------------+-------+-------+-------+-------+-------+-------++-------
Melee: Unarmed           |   205 |   381 |   403 |   604 |   623 |   566 ||  2782
       Tailslap          |    13 |    23 |    33 |    52 |    75 |    77 ||   273
       Punch             |     5 |     2 |    12 |    20 |    30 |    30 ||    99
       Headbutt          |     4 |     6 |     4 |    17 |    31 |    18 ||    80
       Kick              |     4 |     3 |    31 |    10 |     3 |       ||    51
       War axe           |       |       |     6 |     7 |    16 |       ||    29
       Spear             |       |       |       |     6 |   111 |   176 ||   293
       Staff             |       |       |       |       |     4 |       ||     4
Throw: Dart              |       |       |     1 |       |       |       ||     1
 Cast: Beastly Appendage |     7 |     9 |    16 |    19 |    11 |     7 ||    69
       Sticks to Snakes  |     3 |     9 |       |     6 |    32 |    13 ||    63
       Spider Form       |       |     4 |     9 |     6 |       |     4 ||    23
       Ice Form          |       |     1 |     8 |    20 |    28 |    23 ||    80
       Blade Hands       |       |       |     1 |     7 |     3 |     4 ||    15
       Frozen Ramparts   |       |       |       |    32 |    46 |    28 ||   106
       Mephitic Cloud    |       |       |       |     9 |    13 |    22 ||    44
       Blink             |       |       |       |     1 |       |       ||     1
       Animate Skeleton  |       |       |       |     6 |    20 |     8 ||    34
       Hailstorm         |       |       |       |    23 |     8 |    37 ||    68
       Summon Ice Beast  |       |       |       |       |    12 |    12 ||    24
       Hydra Form        |       |       |       |       |       |     1 ||     1
Invok: Upheaval          |       |       |       |     8 |    11 |    14 ||    33
       Elemental Force   |       |       |       |       |     1 |       ||     1
       Disaster Area     |       |       |       |       |     2 |     3 ||     5
 Abil: Breathe Dispellin |       |       |     5 |     2 |       |     4 ||    11
       End Transformatio |       |       |     1 |     2 |     1 |     2 ||     6
Evoke: Wand              |       |       |    11 |    38 |     7 |    10 ||    66
  Use: Potion            |     3 |     5 |     2 |     4 |     5 |     3 ||    22
       Scroll            |     5 |     3 |     8 |    11 |    11 |    13 ||    51
 Stab: Sleeping          |     1 |     1 |     6 |       |       |       ||     8
       Invisible         |       |       |       |     2 |       |       ||     2
       Confused          |       |       |       |    11 |     6 |     8 ||    25
       Paralysed         |       |       |       |     2 |       |       ||     2
       Distracted        |       |       |       |       |     2 |     2 ||     4
  Eat: Chunk             |     2 |     8 |    18 |    24 |    25 |    11 ||    88
       Ration            |       |     1 |       |     6 |     1 |     7 ||    15
Armor: Skin              |    72 |    92 |    78 |    88 |   128 |   176 ||   634
Dodge: Dodged            |   155 |   233 |   260 |   335 |   406 |   564 ||  1953
       Deflected         |       |       |       |     6 |    13 |    54 ||    73
Block: Other             |       |       |       |    93 |   145 |   593 ||   831
       Reflection        |       |       |       |       |       |    77 ||    77

Table legend:
 A = Non-vault XP
 B = Vault XP
 C = Vault XP percentage of total XP
 D = Non-vault monster count
 E = Vault monster count
 F = Vault count percentage of total count
                 A         B        C        D         E       F
            +---------+---------+-------+---------+---------+-------
      Total |  127100 |   60108 |  32.1 |     692 |     276 |  28.5
            +---------+---------+-------+---------+---------+-------
        D:1 |      24 |       0 |   0.0 |      15 |       0 |   0.0
        D:2 |      63 |       0 |   0.0 |      22 |       0 |   0.0
        D:3 |      74 |       0 |   0.0 |      25 |       0 |   0.0
        D:4 |     460 |     380 |  45.2 |      25 |      11 |  30.6
        D:5 |     727 |     264 |  26.6 |      12 |      14 |  53.8
        D:6 |     919 |     418 |  31.3 |      21 |       1 |   4.5
        D:7 |     902 |     274 |  23.3 |      27 |       1 |   3.6
        D:8 |    1732 |    1605 |  48.1 |      31 |       3 |   8.8
        D:9 |    1665 |     136 |   7.6 |      24 |       1 |   4.0
       D:10 |    5297 |    1472 |  21.7 |      45 |       2 |   4.3
       D:11 |    3133 |    1989 |  38.8 |      23 |      42 |  64.6
       D:12 |    1145 |       0 |   0.0 |       9 |       0 |   0.0
       D:13 |    5136 |    6448 |  55.7 |      23 |      20 |  46.5
       D:14 |    8413 |     672 |   7.4 |      39 |       2 |   4.9
       D:15 |    9889 |    5010 |  33.6 |      39 |       7 |  15.2
     Lair:1 |    1705 |    2358 |  58.0 |      10 |      10 |  50.0
     Lair:2 |    6426 |    3467 |  35.0 |      28 |       8 |  22.2
     Lair:3 |    5366 |       0 |   0.0 |      22 |       0 |   0.0
     Lair:4 |    5075 |       0 |   0.0 |      22 |       0 |   0.0
     Lair:5 |    4586 |    2886 |  38.6 |      23 |      17 |  42.5
     Lair:6 |   13594 |   12230 |  47.4 |      36 |      23 |  39.0
   Spider:1 |   12838 |    2954 |  18.7 |      43 |       1 |   2.3
   Spider:2 |   17989 |    1262 |   6.6 |      51 |       5 |   8.9
   Spider:3 |   11762 |       0 |   0.0 |      33 |       0 |   0.0
   Spider:4 |    2508 |     535 |  17.6 |       4 |       1 |  20.0
      Orc:1 |    5084 |    1998 |  28.2 |      27 |      20 |  42.6
      Orc:2 |     588 |    5606 |  90.5 |      13 |      38 |  74.5
      Sewer |       0 |     123 | 100.0 |       0 |       9 | 100.0
      IceCv |       0 |    3160 | 100.0 |       0 |      20 | 100.0
    Volcano |       0 |    4861 | 100.0 |       0 |      20 | 100.0
            +---------+---------+-------+---------+---------+-------
